 Dungeon Crawl Stone Soup version 0.17-a0-2027-gcac42c4 (webtiles) character file.

1557 kae the Carver (level 8, -4/64 HPs)
             Began as a Minotaur Fighter on Oct 10, 2015.
             Slain by an orc warrior
             ... wielding a +0 halberd
              (10 damage)
             ... on level 6 of the Dungeon.
             The game lasted 00:05:42 (5264 turns).

kae the Carver (Minotaur Fighter)                   Turns: 5264, Time: 00:05:42

Health: -4/64      AC: 10    Str: 20    XL:     8   Next: 58%
Magic:  7/7        EV:  7    Int:  7    God:
Gold:   303        SH:  9    Dex: 11    Spells: 0 memorised, 7 levels left

rFire  . . .     SeeInvis .     a - +1 long sword
rCold  . . .     Clarity  .     b - +0 scale mail
rNeg   . . .     SustAt   .     c - +0 shield
rPois  .         Gourm    .     (helmet restricted)
rElec  .         Spirit   .     (no cloak)
rCorr  .         Warding  .     (no gloves)
rMut   .         Stasis   .     v - +2 pair of boots
MR     .....                    (no amulet)
Stlth  ..........               (no ring)
                                B - ring of flight

@: not resistant to hostile enchantments, extremely unstealthy
A: retaliatory headbutt, horns 2
a: Evoke Flight


You were on level 6 of the Dungeon.
You were not hungry.

You visited 1 branch of the dungeon, and saw 6 of its levels.

You collected 303 gold pieces.

Inventory:

Hand Weapons
 a - a +1 long sword (weapon)
Armour
 b - a +0 scale mail (worn)
 c - a +0 shield (worn)
 s - a +0 pair of boots
 v - a +2 pair of boots (worn)
Jewellery
 h - an uncursed ring of wizardry
 z - an uncursed amulet of clarity {unknown}
 B - a ring of flight (left hand)
Scrolls
 g - 3 scrolls of remove curse
 j - a scroll of enchant armour
 o - a scroll of identify
 p - a scroll of recharging
 q - a scroll of blinking
 y - a scroll of enchant weapon
Potions
 d - a potion of might
 f - 3 potions of curing
 i - a potion of flight {unknown}
 k - 3 potions of haste
 m - 2 potions of invisibility {unknown}
 n - a potion of resistance {unknown}
 r - a potion of agility {unknown}
 t - 2 potions of heal wounds
 u - 2 potions of degeneration {unknown}
 w - 2 potions of lignification
 A - a potion of brilliance {unknown}
 E - a potion of ambrosia {unknown}
Books
 C - a book of Burglary

   Spells                             Type                      Level
   a - Swiftness                      Charms/Air                   2
   b - Passwall                       Transmutation/Earth          3
   c - Passage of Golubria            Translocation                4
   d - Lee's Rapid Deconstruction     Earth                        5
   e - Darkness                       Hexes                        6
   f - Invisibility                   Hexes                        6
Comestibles
 e - 2 bread rations
 l - 15 fruits
 x - a beef jerky
 D - a chunk of flesh


   Skills:
 - Level 3.6 Fighting
 + Level 12.7 Long Blades
 - Level 3.6 Armour
 - Level 3.6 Shields


You had 7 spell levels left.
You didn't know any spells.

Dungeon Overview and Level Annotations

Branches:
Dungeon (6/15)             Temple (0/1) D:6

Altars:
Trog
Yredelemnul

Annotations:
D:6 exclusion: oklob sapling


Innate Abilities, Weirdness & Mutations

You reflexively headbutt those who attack you in melee.
You have a pair of horns on your head.


Message History

You are too injured to fight recklessly!
You are too injured to fight recklessly!
You are too injured to fight recklessly!
You are too injured to fight recklessly!
You closely miss the orc warrior.
The orc warrior is severely wounded.
Your scale mail prevents you from hitting the orc warrior.
Your headbutt misses the orc warrior.
The orc warrior is severely wounded.
The orc warrior hits you with a halberd!
* * * LOW HITPOINT WARNING * * *
You hit the orc warrior.
The orc warrior is almost dead.
The orc warrior hits you but does no damage.
You closely miss the orc warrior.
The orc warrior is almost dead.
Your shield and scale mail prevent you from hitting the orc warrior.
The orc warrior is almost dead.
The orc warrior hits you with a halberd!
You die...

##############
#............#
.............# ###
.............# #..
.............# ####..
.............######..'..
......o@.....)......##..
.............###.##.##..
........$....##.(....#..
.#..........#####..#####
#..........+ #......#
#..........# ##.##.##
#..........# #......#
######+##### #.####.#
#......#


You could see an orc warrior.

Vanquished Creatures
  A human (D:4)
  A sky beast (D:6)
  An ice beast (D:3)
  2 ogres
  A water moccasin skeleton (D:4)
  4 vampire bats (D:5)
  3 hounds
  4 jellies
  A centaur skeleton (D:4)
  A giant frog skeleton (D:5)
  4 orc priests
  An iguana (D:4)
  5 orc wizards
  6 worker ants
  5 adders
  3 gnolls (D:5)
  A shadow imp (D:5)
  An ooze (D:3)
  4 worms
  7 giant geckos
  11 orcs
  A ball python (D:4)
  11 bats
  9 goblins
  9 hobgoblins
  7 jackals
  5 kobolds
  3 quokkas
  4 giant cockroaches
  3 giant newts
  A quokka zombie (D:4)
  8 rats
128 creatures vanquished.

Notes
Turn   | Place    | Note
--------------------------------------------------------------
     0 | D:1      | kae the Minotaur Fighter began the quest for the Orb.
     0 | D:1      | Reached XP level 1. HP: 19/19 MP: 0/0
   224 | D:1      | Reached XP level 2. HP: 13/26 MP: 1/1
  1010 | D:2      | Reached skill level 4 in Long Blades
  1077 | D:2      | Reached XP level 3. HP: 20/31 MP: 2/2
  1717 | D:2      | Reached skill level 5 in Long Blades
  2139 | D:3      | Reached XP level 4. HP: 36/39 MP: 3/3
  2393 | D:3      | Noticed an ice beast
  2408 | D:3      | Killed an ice beast
  2408 | D:3      | Reached skill level 6 in Long Blades
  2408 | D:3      | Reached XP level 5. HP: 28/45 MP: 4/4
  2615 | D:4      | Reached skill level 7 in Long Blades
  2905 | D:4      | Reached XP level 6. HP: 51/51 MP: 5/5
  2962 | D:4      | Found a runed door.
  2962 | D:4      | Noticed a human
  2964 | D:4      | Found a basalt altar of Yredelemnul.
  2978 | D:4      | Reached skill level 8 in Long Blades
  2990 | D:4      | Killed a human
  2990 | D:4      | Reached skill level 9 in Long Blades
  3019 | D:4      | Reached XP level 7. HP: 32/57 MP: 6/6
  3519 | D:4      | Noticed an ogre
  3523 | D:4      | Killed an ogre
  3523 | D:4      | Reached skill level 10 in Long Blades
  3741 | D:5      | Entered Level 5 of the Dungeon
  3970 | D:5      | Reached skill level 11 in Long Blades
  3975 | D:5      | Reached XP level 8. HP: 17/64 MP: 7/7
  4408 | D:5      | Found a bloodstained altar of Trog.
  4629 | D:5      | Reached skill level 12 in Long Blades
  5009 | D:6      | Found a staircase to the Ecumenical Temple.
  5264 | D:6      | Slain by an orc warrior

Vault maps used:
D:1:      kilobyte_arrival_exit_the_forest
D:3:      first_bread
D:4:      minivault_19, dk_yredelemnul_ordeal
D:5:      kennysheep_little_box, roderic_batcave, serial_bayou_pond_e
D:6:      minmay_temple_entry_oklob, minmay_misc_feat_alley

Action                   |  1- 3 |  4- 6 |  7- 9 || total
-------------------------+-------+-------+-------++-------
Melee: Long sword        |   124 |    93 |   210 ||   427
  Use: Scroll            |       |     8 |     9 ||    17
  Eat: Chunk             |     3 |     4 |     7 ||    14
